 Dungeon Crawl Stone Soup version 0.30-a0-857-gcaf70739d4 (webtiles) character file.

Game seed: 17031873247359873775

14 Mickster the Gusty (level 2, -1/20 HPs)
             Began as a Demigod Air Elementalist on Mar 6, 2023.
             Slain by a kobold
             ... wielding a +2 short sword of electrocution
              (10 damage)
             ... on level 1 of the Dungeon.
             The game lasted 00:07:09 (284 turns).

Mickster the Gusty (Demigod Air Elementalist)        Turns: 284, Time: 00:07:09

Health: -1/20      AC:  2    Str:  9    XL:     2   Next: 15%
Magic:  7/7        EV: 12    Int: 17    God:
Gold:   21         SH:  0    Dex: 14    Spells: 4/5 levels left

rFire   . . .      SeeInvis .    e - +1 rapier (freeze)
rCold   . . .      Faith    .    (no shield)
rNeg    . . .      Spirit   .    a - +0 robe
rPois   .          Reflect  .    (no helmet)
rElec   .          Rampage  .    (no cloak)
rCorr   .                        (no gloves)
Will    .....                    (no boots)
Stlth   ++                       (no amulet)
HPRegen 0.23/turn                (no ring)
MPRegen 0.10/turn                (no ring)

@: no status effects
A: high MP 1, forlorn, divine attributes
a: no special abilities


You were on level 1 of the Dungeon.
You visited 1 branch of the dungeon, and saw 1 of its levels.

You collected 21 gold pieces.

Inventory:

Hand Weapons
 d - a +0 dagger
 e - a +1 rapier of freezing (weapon)
Armour
 a - a +0 robe (worn)
 c - a +0 chain mail
Potions
 b - a potion of magic


   Skills:
 + Level 1.8 Dodging
 + Level 1.8 Stealth
 + Level 2.0 Spellcasting
 * Level 1.0 Conjurations
 + Level 3.1 Air Magic


You had 4 spell levels left.
You knew the following spells:

 Your Spells              Type           Power      Damage    Failure   Level
a - Shock                 Conj/Air       32%        1d5       9%          1

Your spell library contained the following spells:

 Spells                   Type           Power      Damage    Failure   Level
 Static Discharge         Conj/Air       16%        2-3/arc   13%         2
 Swiftness                Air            12%        N/A       16%         3
 Airstrike                Air            6%         2d(1-17)  47%         4


Dungeon Overview and Level Annotations

Branches:
Dungeon (1/15)


Innate Abilities, Weirdness & Mutations

You have an increased reservoir of magic. (+10% MP)
You shall have no god before yourself.
Your divine heritage dramatically boosts your attributes as you level up.


Message History

You see here a rat corpse.
The bat hits you but does no damage.
A hobgoblin comes into view.
The bat closely misses you.
You closely miss the bat. The bat hits you but does no damage.
The bat misses you. The bat closely misses you. The bat misses you.
You closely miss the bat. The bat closely misses you. x2
You hit the bat. You freeze the bat.
You kill the bat!
You have reached level 2!
You start resting.
HP restored.
You start resting.
Magic restored.
You start waiting.
Done waiting.
A goblin comes into view. It is wielding a +0 dagger.
The hobgoblin shouts!
You hear a shout!
You completely miss the hobgoblin. The hobgoblin hits you.
The goblin shouts!
You hit the hobgoblin. You freeze the hobgoblin.
You kill the hobgoblin!
The goblin closely misses you.
A kobold comes into view.
It is wielding a +2 short sword of electrocution.
The kobold shouts!
You hit the goblin. You freeze the goblin.
You kill the goblin!
Your Conjurations skill increases to level 1!
You see here a +0 dagger.
Found a stone staircase leading down.
You hit the kobold but do no damage. The kobold barely misses you.
The kobold hits you with a +2 short sword of electrocution.
You closely miss the kobold.
The kobold hits you with a +2 short sword of electrocution.
You closely miss the kobold.
The kobold hits you with a +2 short sword of electrocution.
You are electrocuted!
Ouch! That really hurt!
You die...

###+# ......
......
......
......###+##
#
#........#.#
#...K@...#.#
#..........#
#........###
.....#.)...#
...#.#.....#
>. . #.....#
. # #.....#
. +.....+ ..
#.....####


You could see a kobold.

Vanquished Creatures
  A dart slug (D:1)
  A giant cockroach (D:1)
  3 hobgoblins (D:1)
  A ball python (D:1)
  2 bats (D:1)
  2 goblins (D:1)
  A rat (D:1)
11 creatures vanquished.

Notes
Turn   | Place    | Note
-------+----------+-------------------------------------------
     0 | D:1      | Mickster the Demigod Air Elementalist began the quest for
                  | the Orb.
     0 | D:1      | Reached XP level 1. HP: 14/14 MP: 5/5
    39 | D:1      | Reached skill level 3 in Air Magic
   128 | D:1      | Identified a scroll of acquirement
   128 | D:1      | Acquired a +1 rapier of freezing
   157 | D:1      | Reached XP level 2. HP: 18/20 MP: 5/7
   278 | D:1      | Reached skill level 1 in Conjurations
   284 | D:1      | Slain by a kobold

Illustrated notes

Levels and vault maps discovered:
D:1:      nicolae_arrival_washed_ashore, layout_basic, minmay_tall_x

Skill      XL: |  1  2 |
---------------+-------+-----
Air Magic      | 3 |  3.1
Spellcasting   | 2 |  2.0
Conjurations   | 1 |  1.0
Dodging        | |  1.8
Stealth        | |  1.8

Action                     || total
---------------------------++-------
  Melee: Rapier            ||    17
         Dagger            ||     2
   Cast: Shock             ||    10
    Use: Scroll            ||     1
         Potion            ||     1
 Armour: Robe              ||     8
  Dodge: Dodged            ||    26

Table legend: (Time is in decaauts)
 A = Elapsed time spent in this place.
 B = Non-inter-level travel time spent in this place.
 C = Inter-level travel time spent in this place.
 D = Time resting spent in this place.
 E = Time spent auto-exploring this place.
 F = Levels seen in this place.
 G = Mean time per level.
                   A        B        C        D        E       F      G
               +--------+--------+--------+--------+--------+-----+--------+
         Total |    286 |    286 |      0 |    140 |      0 |   1 |  286.0 |
       Dungeon |    286 |    286 |      0 |    140 |      0 |   1 |  286.0 |
               +--------+--------+--------+--------+--------+-----+--------+

Top non-repeatable levels by time:
     D:1: 286 daAuts
